 Dungeon Crawl Stone Soup version 0.30.0 (webtiles) character file.

Game seed: 13158416929609842299

989 Aggravatedjoe the Cleaver (level 8, -24/70 HPs)
             Began as a Hill Orc Fighter on Sept 14, 2023.
             Annihilated by a two-headed ogre
             ... wielding a +0 giant spiked club
              (26 damage)
             ... on level 5 of the Dungeon on Sept 28, 2023.
             The game lasted 00:16:02 (4373 turns).

Aggravatedjoe the Cleaver (Hill Orc Fighter)        Turns: 4373, Time: 00:16:02

Health: -24/70     AC:  7    Str: 20 (21) XL:     8   Next: 18%
Magic:  8/8        EV: 19    Int:  5 (8)  God:
Gold:   858        SH:  4    Dex:  8 (10) Spells: 7/7 levels left

rFire   . . .        a - +1 war axe
rCold   . . .        c - +0 buckler
rNeg    . . .        b - +0 scale mail
rPois   .            (no helmet)
rElec   .            (no cloak)
rCorr   .            (no gloves)
SInv    .            (no boots)
Will    .....        r - amulet of magic regeneration Stlth
                     k - +5 ring of evasion
HPRegen 0.31/turn    x - +5 ring of evasion
MPRegen 0.51/turn

%: no passive effects
@: no status effects
A: no striking features
a: no special abilities


You were on level 5 of the Dungeon.
You visited 1 branch of the dungeon, and saw 5 of its levels.
You also visited: Sewer.

You collected 858 gold pieces.

Inventory:

Hand Weapons
 a - a +1 war axe (weapon)
 g - a +0 dagger
 i - a +0 dagger
 l - a +0 dagger
 p - a +0 dagger
 q - a +0 dagger
Missiles
 e - 44 stones
 D - 30 poisoned darts
Armour
 b - a +0 scale mail (worn)
 c - a +0 buckler (worn)
 n - a +0 leather armour
Jewellery
 k - a +5 ring of evasion (left hand)
 r - an amulet of magic regeneration (around neck)
 x - a +5 ring of evasion (right hand)
Wands
 y - a wand of flame (12) (quivered)
 H - a wand of mindburst (7)
Scrolls
 m - a scroll of teleportation
 o - 2 scrolls of fog
 s - a scroll of poison
 C - a scroll of immolation
 E - a scroll of identify
Potions
 d - a potion of might
 t - a potion of heal wounds
 A - 3 potions of curing
 B - a potion of haste


   Skills:
 + Level 5.7 Fighting
 + Level 8.9 Axes
 - Level 0.1 Throwing
 + Level 5.3 Armour
 - Level 0.7 Dodging
 + Level 0.3 Stealth
 + Level 4.8 Shields
 + Level 0.6 Evocations


You had 7 spell levels left.
You didn't know any spells.
Your spell library contained the following spells:

 Spells                   Type           Power      Damage    Failure   Level
 Poisonous Vapours        Pois/Air       0%         N/A       95%         2
 Inner Flame              Hex/Fire       0%         N/A       99%         3
 Mephitic Cloud           Conj/Pois/Air  0%         N/A       99%         3
 Flame Wave               Conj/Fire      0%         2d4       100%        4
 Sticky Flame             Conj/Fire      0%         2d3       100%        4
 Freezing Cloud           Conj/Ice/Air   0%         6-21      100%        5
 Malign Gateway           Summ/Tloc      0%         N/A       100%        7
 Summon Horrible Things   Summ           0%         N/A       100%        8


Dungeon Overview and Level Annotations

Branches:
Dungeon (5/15)              Sewer (visited)
 Temple: D:4-7

Altars:
Ashenzari
Hepliaklqana

Shops:
D:1 [   D:3 !


Message History

Aiming: Fastroot
Press: ? - help, Q - select action, (/) - cycle Shift-Dir - straight line The roots erupt in riotous growth!
The two-headed ogre is unaffected.
Roots grab Ijyb.
The now-empty wand crumbles to dust.
The grasping roots constrict Ijyb.
You kill Ijyb!
The grasping roots constrict the two-headed ogre.
The roots release their grip on the two-headed ogre.
Aiming: Throw Flame
Press: ? - help, Q - select action, (/) - cycle Shift-Dir - straight line, f - two-headed ogre
Aim: a two-headed ogre, wielding a +0 giant spiked club and a +0 giant club (heavily wounded, 85% to hit)
The puff of flame hits the two-headed ogre.
The two-headed ogre is heavily wounded.
Aiming: Throw Flame
Press: ? - help, Q - select action, (/) - cycle Shift-Dir - straight line, f/p - two-headed ogre
Aim: a two-headed ogre, wielding a +0 giant spiked club and a +0 giant club (heavily wounded, 85% to hit)
The puff of flame hits the two-headed ogre.
The two-headed ogre is heavily wounded.
You slash the two-headed ogre!
The two-headed ogre is almost dead.
The two-headed ogre hits you with a +0 giant spiked club!
The two-headed ogre misses you.
You barely miss the two-headed ogre.
The two-headed ogre is almost dead.
You hit the two-headed ogre but do no damage.
The two-headed ogre is almost dead.
The two-headed ogre misses you.
The two-headed ogre hits you with a +0 giant club!!
You barely miss the two-headed ogre.
The two-headed ogre is almost dead.
The two-headed ogre hits you with a +0 giant spiked club!!
* * * LOW HITPOINT WARNING * * *
The two-headed ogre hits you with a +0 giant club!
* * * LOW HITPOINT WARNING * * *
You hit the two-headed ogre but do no damage.
The two-headed ogre is almost dead.
The two-headed ogre closely misses you.
The two-headed ogre hits you with a +0 giant club!!
You die...

#.# #.# #.# #.#
######### #.#
#.......#
#.########.#####.#
#..............#.#
..########.###.#.#
...## #.# #@#
....# #.# #O#
...## #.. ..# #.##
### ...# #.# ...)#
#.# .....# #+#
##...## ##.#


You could see a two-headed ogre.

Vanquished Creatures
  Grinder (D:3)
  A water moccasin (D:5)
  Pargi (D:3)
  A black bear (D:4)
  The ghost of doot the Gusty, a weakling TeAE (D:3)
  3 jellies (D:4)
  An orc priest (D:4)
  A hound (D:5)
  Ijyb (D:5)
  An orc wizard (D:4)
  Robin (D:2)
  13 adders
  2 river rats (Sewer)
  5 worms
  A dart slug (D:3)
  5 orcs
  6 ball pythons
  7 bats
  10 endoplasms
  2 giant cockroaches (D:4)
  13 goblins
  12 hobgoblins
  2 jackals (D:4)
  A quokka (D:1)
  6 frilled lizards
  7 kobolds
  15 rats
120 creatures vanquished.

Vanquished Creatures (others)
  An orc (D:5)
  11 plants
12 creatures vanquished.

Grand Total: 132 creatures vanquished

Notes
Turn   | Place    | Note
-------+----------+-------------------------------------------
     0 | D:1      | Aggravatedjoe the Hill Orc Fighter began the quest for the
                  | Orb.
     0 | D:1      | Reached XP level 1. HP: 19/19 MP: 1/1
   268 | D:1      | Found Qunock's Armour Emporium.
   303 | D:2      | Reached XP level 2. HP: 27/27 MP: 2/2
   521 | D:2      | Reached skill level 3 in Axes
   580 | D:2      | Reached XP level 3. HP: 33/33 MP: 3/3
   910 | D:2      | Reached skill level 4 in Axes
   910 | D:2      | Reached XP level 4. HP: 31/40 MP: 4/4
   918 | D:2      | Noticed Robin
   932 | D:2      | Killed Robin
  1301 | D:3      | Noticed Pargi
  1324 | D:3      | Killed Pargi
  1325 | D:3      | Reached skill level 5 in Axes
  1325 | D:3      | Reached XP level 5. HP: 14/47 MP: 5/5
  1524 | D:3      | Noticed Grinder
  1543 | D:3      | Paralysed by Grinder for 2 turns
  1563 | D:3      | Killed Grinder
  1564 | D:3      | Reached skill level 6 in Axes
  1564 | D:3      | Reached XP level 6. HP: 20/55 MP: 6/6
  1742 | D:3      | Found a runed translucent door.
  1768 | D:3      | Found Efuff's Distillery.
  1904 | D:3      | Found a hazy altar of Hepliaklqana.
  2071 | D:3      | Reached XP level 7. HP: 60/60 MP: 7/7
  2240 | D:3      | Noticed doot's ghost (weakling TeAE)
  2249 | D:3      | Killed doot's ghost
  2425 | D:4      | Found a broken altar of Ashenzari.
  2488 | D:4      | Reached skill level 7 in Axes
  2491 | D:4      | Reached skill level 5 in Armour
  2510 | D:4      | Reached skill level 5 in Fighting
  3111 | D:4      | Reached skill level 8 in Axes
  3345 | D:5      | Entered Level 5 of the Dungeon
  3547 | D:5      | Found a glowing drain.
  3579 | D:5      | Reached XP level 8. HP: 66/68 MP: 8/8
  3597 | Sewer    | Entered a sewer
  4175 | Sewer    | Identified a scroll of acquirement
  4175 | Sewer    | Acquired 621 gold pieces
  4361 | D:5      | Noticed Ijyb
  4361 | D:5      | Noticed a two-headed ogre
  4366 | D:5      | Killed Ijyb
  4372 | D:5      | HP: 2/70 [two-headed ogre/+0 giant spiked club (7)]
  4373 | D:5      | Annihilated by a two-headed ogre

Illustrated notes

Levels and vault maps discovered:
D:1:      dpeg_arrival_more_subterranean_lakeside_camping, layout_basic,
          serial_shops, shop, minmay_surrounded
D:2:      layout_loops_cross, chequers_serial_rivers_micro_a,
          minmay_split_cup_small, uniq_robin
D:3:      layout_loops_ring, general_overflow_altar,
          ebering_ghost_reflecting_pool, serial_shops,
          nicolae_shop_back_alley_shop, kennysheep_generic_room_12,
          uniq_grinder, uniq_pargi
D:4:      layout_loops_cross, mainiacjoe_overflow_alcove_2,
          serial_bayou_lagoon_b
D:5:      layout_loops_corners, elyvilon_altar_4, temple_fountains,
          portal_sewer_entry_a, uniq_ijyb

Skill      XL: |  1  2  3  4  5  6  7 |
---------------+----------------------+-----
Fighting       | 4 5 |  5.7
Axes           | 3 4 5 6 8 |  8.9
Armour         | 4 5 |  5.3
Shields        | 4 |  4.8
Throwing       | |  0.1
Dodging        | |  0.7
Stealth        | |  0.3
Evocations     | |  0.6

Action                     |  1- 3 |  4- 6 |  7- 9 || total
---------------------------+-------+-------+-------++-------
  Melee: War axe           |    94 |    98 |   206 ||   398
  Throw: Stone             |       |    14 |       ||    14
  Evoke: Wand              |       |     4 |     7 ||    11
    Use: Scroll            |       |       |    10 ||    10
         Potion            |       |       |     7 ||     7
 Armour: Scale mail        |    36 |    28 |    30 ||    94
  Dodge: Dodged            |    60 |    91 |   183 ||   334
  Block: Buckler           |    27 |    34 |    56 ||   117
